 Dungeon Crawl Stone Soup version 0.29.1-2-gbd0b4ee654 (webtiles) character file.

Game seed: 16333034951229839838

3709 xian the Schismatic (level 9, -10/69 HPs)
             Began as a Demonspawn Abyssal Knight on Nov 18, 2022.
             Was an Elder of Lugonu.
             Mangled by a polar bear (15 damage)
             ... on level 9 of the Dungeon.
             The game lasted 00:24:23 (12883 turns).

xian the Schismatic (Demonspawn Abyssal Knight)    Turns: 12883, Time: 00:24:24

Health: -10/69     AC: 20    Str: 17    XL:     9   Next: 91%
Magic:  0/15       EV:  6    Int: 12    God:    Lugonu [****..]
Gold:   526        SH:  0    Dex: 14    Spells: 8/8 levels left

rFire   . . .      SeeInvis .   G - +2 scimitar (elec)
rCold   . . .      Faith    .   (no shield)
rNeg    . . .      Spirit   +   v - +0 plate armour
rPois   +          Reflect  .   B - +0 helmet
rElec   .          Harm     .   h - +0 cloak
rCorr   .          Rampage  .   g - +0 pair of gloves
Will    +....                   C - +0 pair of boots
Stlth   ..........              x - amulet of guardian spirit
HPRegen 0.21/turn               o - ring of willpower
MPRegen 0.14/turn               A - ring of poison resistance

@: no status effects
A: hooves 2, thin metallic scales 1, demonic guardian 1
a: Renounce Religion, Depart the Abyss, Bend Space, Banish, Corrupt


You were on level 9 of the Dungeon.
You worshipped Lugonu.
Lugonu was greatly pleased with you.
You visited 1 branch of the dungeon, and saw 9 of its levels.
You visited the Abyss 1 time.

You collected 526 gold pieces.

Inventory:

Hand Weapons
 G - a +2 scimitar of electrocution (weapon)
Missiles
 u - 27 poisoned darts (quivered)
 y - 9 curare-tipped darts
Armour
 g - a +0 pair of gloves (worn)
 h - a +0 cloak (worn)
 v - a +0 plate armour (worn)
 B - a +0 helmet (worn)
 C - a +0 pair of boots (worn)
Jewellery
 o - a ring of willpower (left hand)
 x - an amulet of guardian spirit (around neck)
 A - a ring of poison resistance (right hand)
Wands
 l - a wand of quicksilver (7)
 z - a wand of flame (18)
Scrolls
 a - 3 scrolls of identify {unknown}
 c - 8 scrolls of teleportation
 d - 4 scrolls of vulnerability {unknown}
 f - 2 scrolls of enchant weapon {unknown}
 j - a scroll of silence {unknown}
 m - 2 scrolls of summoning {unknown}
 n - a scroll of acquirement {unknown}
 q - a scroll of amnesia {unknown}
 w - a scroll of torment {unknown}
 F - 2 scrolls of butterflies {unknown}
 H - a scroll of fear {unknown}
Potions
 b - 5 potions of degeneration {unknown}
 e - 5 potions of curing {unknown}
 i - 3 potions of heal wounds {unknown}
 k - 2 potions of might {unknown}
 p - a potion of resistance
 r - a potion of attraction {unknown}
 s - a potion of brilliance {unknown}
 t - 2 potions of lignification {unknown}
 D - a potion of ambrosia {unknown}
 E - 2 potions of magic {unknown}


   Skills:
 + Level 5.9 Fighting
 + Level 6.5(6.6) Short Blades
 + Level 1.5(4.4) Long Blades
 + Level 2.0 Throwing
 + Level 7.4 Armour
 + Level 3.6 Dodging
 + Level 0.7 Stealth
 * Level 8.5 Invocations


You had 8 spell levels left.
You didn't know any spells.
Your spell library contained the following spells:

 Spells                   Type           Power      Damage    Failure   Level
 Sandblast                Erth           0%         2d4       100%        1
 Passwall                 Tmut/Erth      0%         N/A       100%        2
 Stone Arrow              Conj/Erth      0%         3d7       100%        3


Dungeon Overview and Level Annotations

Branches:
Dungeon (9/15)             Temple (0/1) D:4
   Lair: D:8-11         Orc: D:9-12

Altars:
Ashenzari
Hepliaklqana
Kikubaaqudgha
Okawaru
Qazlal
Ru
Trog
Xom
Yredelemnul

Annotations:
D:7 2 transporters
Abyss:1 Ijyb


Innate Abilities, Weirdness & Mutations

You have hoof-like feet.
You are partially covered in thin metallic scales. (AC +2)
A weak demonic guardian rushes to your aid.


Message History

The polar bear bites you.
The polar bear claws you but does no damage. x2
You hit the polar bear but do no damage.
The polar bear is heavily wounded.
The polar bear closely misses you.
The polar bear claws you but does no damage. x2
The polar bear bites you!
* * * LOW HITPOINT WARNING * * *
A demonic guardian appears!
The polar bear claws you but does no damage.
The polar bear barely misses you.
You barely miss the polar bear.
The polar bear is heavily wounded.
The polar bear bites you but does no damage.
The polar bear barely misses you.
The polar bear claws you but does no damage.
You slash the polar bear!
The polar bear is severely wounded.
Your iron imp hits the polar bear.
The polar bear goes berserk!
You hit the polar bear. Your punch misses the polar bear.
The polar bear is almost dead.
The polar bear bites you!
* * * LOW HITPOINT WARNING * * *
The polar bear claws you.
* * * LOW HITPOINT WARNING * * *
The polar bear claws you.
* * * LOW HITPOINT WARNING * * *
Your iron imp barely misses the polar bear.
The polar bear barely misses you. x2
The polar bear claws you but does no damage.
You barely miss the polar bear.
The polar bear is almost dead.
The polar bear barely misses you. x3; Your iron imp hits the polar bear.
Okay, then.
You barely miss the polar bear.
The polar bear is almost dead.
The polar bear bites you but does no damage.
The polar bear claws you but does no damage. x2
The polar bear bites you!
You die...

#.#.# ###...#≈≈~.~~≈#
#.#.# #...#≈~....~# #.#
#####~.§§..~### ..#
#....§§§....#
#.#~.§§§.~#..
#..#~....~~##+ .#+######
#..#≈~~.~≈≈#.. ........###
#..####.####.. ........h@#
#...).(.......
.......5#.###..........#..
........#..##......... #..
........##..#......... #..
........###.'......... ##'
........# ###......... #.
.#+###### ##..###### #.
###.##### ## #.......# #


You could see a polar bear (berserk, ally target) and a friendly iron imp
(summoned).

Vanquished Creatures
  Prince Ribbit (D:6)
  4 yaks
  A shadow (D:8)
  A water moccasin (D:6)
  A black bear (D:6)
  2 ogres (D:5)
  3 centaurs (D:7)
  A phantom (D:5)
  A kobold brigand (D:9)
  5 bullfrogs
  2 scorpions
  3 killer bees
  2 electric eels (D:8)
  2 jellies
  4 hounds
  5 orc priests
  A gnoll bouda (D:7)
  4 iguanas
  6 orc wizards
  13 gnolls
  12 adders
  A shadow imp (D:8)
  2 white imps (D:7)
  An ufetubus (D:6)
  3 worms
  2 dart slugs
  23 orcs
  7 ball pythons
  7 bats
  4 endoplasms
  A giant cockroach (D:3)
  9 goblins
  4 hobgoblins
  10 jackals
  6 quokkas
  3 frilled lizards
  16 kobolds
  3 rats
176 creatures vanquished.

Vanquished Creatures (collateral kills)
  A kobold brigand (D:6)
  A bullfrog (D:4)
  A gnoll (D:5)
  2 orcs
  2 jackals (D:4)
  A ball python (D:4)
8 creatures vanquished.

Vanquished Creatures (others)
  A shadow (D:8)
1 creature vanquished.

Grand Total: 185 creatures vanquished

Notes
Turn   | Place    | Note
-------+----------+-------------------------------------------
     0 | Abyss:1  | xian the Demonspawn Abyssal Knight began the quest for the
                  | Orb.
     0 | Abyss:1  | Reached XP level 1. HP: 18/18 MP: 2/2
     5 | Abyss:1  | Noticed a ynoxinul
    34 | D:1      | Escaped the Abyss
   200 | D:1      | Reached skill level 1 in Dodging
   453 | D:1      | Reached ** piety under Lugonu
   454 | D:1      | Gained mutation: You have large cloven feet. [demonic
                  | ancestry]
   454 | D:1      | Reached XP level 2. HP: 18/24 MP: 3/3
  1056 | D:1      | Gained mutation: You have hoof-like feet. [demonic
                  | ancestry]
  1056 | D:1      | Reached XP level 3. HP: 24/29 MP: 4/4
  1417 | D:2      | Found a shimmering altar of Xom.
  1663 | D:2      | Found a faded altar of an unknown god.
  1880 | D:2      | Gained mutation: A weak demonic guardian rushes to your
                  | aid. [demonic ancestry]
  1880 | D:2      | Reached XP level 4. HP: 23/35 MP: 6/6
  2760 | D:3      | Reached skill level 3 in Invocations
  3180 | D:3      | Reached *** piety under Lugonu
  3377 | D:4      | Found a staircase to the Ecumenical Temple.
  3507 | D:4      | Reached XP level 5. HP: 42/42 MP: 7/7
  3729 | D:4      | Noticed a black bear
  3733 | D:4      | Banished a black bear
  3800 | D:4      | Noticed Ijyb
  3806 | D:4      | Reached XP level 6. HP: 29/48 MP: 8/8
  3813 | D:4      | Banished Ijyb
  4140 | D:4      | Reached skill level 4 in Invocations
  4908 | D:4      | Found an iron altar of Okawaru.
  5005 | D:5      | Entered Level 5 of the Dungeon
  5015 | D:5      | Reached XP level 7. HP: 25/54 MP: 10/10
  5188 | D:5      | Found a stormy altar of Qazlal.
  5879 | D:5      | Reached skill level 5 in Invocations
  6784 | D:6      | Gained mutation: You are partially covered in thin metallic
                  | scales. (AC +2) [demonic ancestry]
  6784 | D:6      | Reached XP level 8. HP: 60/60 MP: 10/12
  6861 | D:6      | Noticed Prince Ribbit
  6889 | D:6      | Killed Prince Ribbit
  6890 | D:6      | Reached skill level 5 in Armour
  6890 | D:6      | Reached skill level 6 in Invocations
  7195 | D:6      | Reached **** piety under Lugonu
  7207 | D:6      | Reached skill level 1 in Throwing
  7921 | D:6      | Found a broken altar of Ashenzari.
  8127 | D:6      | Found a basalt altar of Yredelemnul.
  8174 | D:6      | Reached skill level 5 in Short Blades
  8258 | D:6      | Reached skill level 7 in Invocations
  8887 | D:7      | Reached skill level 5 in Fighting
  8887 | D:7      | Reached XP level 9. HP: 56/68 MP: 11/14
  8962 | D:7      | Found a transporter.
  8977 | D:7      | Found a transporter.
 10740 | D:8      | Reached skill level 8 in Invocations
 11376 | D:8      | Found a sacrificial altar of Ru.
 11396 | D:8      | Found an ancient bone altar of Kikubaaqudgha.
 11399 | D:8      | Found a hazy altar of Hepliaklqana.
 12577 | D:9      | Found a bloodstained altar of Trog.
 12859 | D:9      | Noticed a polar bear
 12863 | D:9      | Reached skill level 1 in Long Blades
 12883 | D:9      | Mangled by a polar bear

Illustrated notes

Levels and vault maps discovered:
D:1:      amcnicky_arrival_single_pillar, layout_loops_ring, minmay_hexomino_p4
D:2:      layout_basic, ebering_ecumenical_altar_hall, basic_altar,
          cheibrodos_gnoll_hut
D:3:      layout_loops_ring, minmay_misc_feat_diagonals, minmay_fountain_box,
          minivault_23
D:4:      minmay_chambers_of_threes, layout_loops_ring, zin_treasury,
          mainiacjoe_overflow_catwalk, minmay_temple_entry_crystal_x, uniq_ijyb
D:5:      layout_loops_cross, mainiacjoe_overflow_six_doors_small
D:6:      layout_cave_pools, mainiacjoe_overflow_small_starburst,
          nicolae_ashenzari_skybound, uniq_prince_ribbit1
D:7:      gammafunk_steamed_eel, layout_basic
D:8:      layout_basic, mainiacjoe_overflow_chevrons,
          lemuel_coloured_pillars_altar, nicolae_overflow_squiral,
          serial_bayou_crossing
D:9:      layout_roguey, bloody_trog, serial_ice, serial_ice_f, serial_ice_d,
          serial_ice_m, serial_ice_l, minmay_misc_feat_encased,
          grunt_decor_junction, dreamdust_mushroom_princess

Skill      XL: |  1  2  3  4  5  6  7  8  9 |
---------------+----------------------------+-----
Dodging        | 1 2 3 |  3.6
Short Blades   | 2 3 4 5 6 |  6.5
Armour         | 2 3 4 6 7 |  7.4
Invocations    | 3 4 5 7 8 |  8.5
Fighting       | 4 5 |  5.9
Throwing       | 1 2 |  2.0
Long Blades    | 1 |  1.5
Stealth        | |  0.7

Action                   |  1- 3 |  4- 6 |  7- 9 || total
-------------------------+-------+-------+-------++-------
Melee: Short sword       |   128 |     3 |       ||   131
       Kick              |    23 |    48 |   153 ||   224
       Dagger            |       |   177 |   701 ||   878
       Punch             |       |     2 |    12 ||    14
       Scimitar          |       |       |    55 ||    55
Throw: Dart              |       |       |    26 ||    26
Invok: Depart the Abyss  |     1 |       |       ||     1
       Banish            |       |     2 |       ||     2
  Use: Scroll            |       |     1 |       ||     1
Armor: Leather armour    |    38 |     3 |       ||    41
       Ring mail         |       |    69 |       ||    69
       Plate armour      |       |       |   499 ||   499
Dodge: Dodged            |    86 |   103 |   225 ||   414
